 Dungeon Sprint DCSS version 0.26-b1-59-ge38874ec40 (webtiles) character file.

Game seed: 3210154354747697255

618 radhat240 the Fighter (level 7, -2/108 HPs)
             Began as a Minotaur Fighter on Jan 8, 2021.
             Was an Initiate of Makhleb.
             Slain by a smoke demon (3 damage)
             ... summoned by a kobold demonologist
             ... while paralysed by a floating eye
             ... in the Dungeon (Sprint I: "Red Sonja").
             The game lasted 00:02:31 (513 turns).

radhat240 the Fighter (Minotaur Fighter)             Turns: 513, Time: 00:02:32

Health: -2/108     AC: -7    Str: 22      XL:     7   Next: 21%
Magic:  6/6        EV:  2    Int:  4 (5)  God:    Makhleb [......]
Gold:   405        SH:  0    Dex: 10      Spells: 6/6 levels left

rFire    . . .     SeeInvis .   a - +0 war axe
rCold    . . .     Faith    .   c - +0 kite shield
rNeg     . . .     Spirit   .   b - +0 scale mail
rPois    .         Reflect  .   (helmet restricted)
rElec    .         Harm     .   (no cloak)
rCorr    .         Rampage  .   (no gloves)
Will     .....     NoTele   +   (no boots)
Stlth    ..........             (no amulet)
HPRegen  0.28/turn              (no ring)
MPRegen  0.10/turn              (no ring)

@: paralysed, berserking (expiring), corroded
A: retaliatory headbutt, horns 2
a: Renounce Religion


You were in the Dungeon.
You worshipped Makhleb.
Makhleb was noncommittal.
You visited 1 branch You collected 405 gold pieces.

Inventory:

Hand Weapons
 a - a +0 war axe (weapon)
Armour
 b - a +0 scale mail (worn)
 c - a +0 kite shield (worn)
Wands
 k - a wand of random effects (8)
Scrolls
 j - a scroll of blinking
Potions
 e - a potion of curing
 g - 2 potions of haste
 h - 2 potions of magic


   Skills:
 + Level 10.2 Fighting
 + Level 9.3 Axes
 + Level 10.1 Armour
 + Level 10.1 Shields


You had 6 spell levels left.
You didn't know any spells.
Your spell library was empty.

Dungeon Overview and Level Annotations

Branches:
Dungeon (1/1)

Altars:
Cheibriados
Dithmenos
Elyvilon
Fedhas
Gozag
Hepliaklqana
Kikubaaqudgha
Makhleb
Nemelex Xobeh
Okawaru
Qazlal
Ru
Sif Muna
Trog
Uskayaw
Vehumet
Wu Jian
Xom
Yredelemnul
Zin
The Shining One
Jiyva
Lugonu

Shops:
D [


Innate Abilities, Weirdness & Mutations

You reflexively headbutt those who attack you in melee.
You have a pair of horns on your head.


Message History

The floating eye gazes piercingly through you!
You suddenly lose the ability to move!
The smoke demon hits you!
* * * LOW HITPOINT WARNING * * *
The smoke demon hits you.
* * * LOW HITPOINT WARNING * * *
The smoke demon hits you.
* * * LOW HITPOINT WARNING * * *
The kobold demonologist hits you with a +0 dagger.
* * * LOW HITPOINT WARNING * * *
The smoke demon hits you.
* * * LOW HITPOINT WARNING * * *
The smoke demon hits you.
* * * LOW HITPOINT WARNING * * *
The smoke demon hits you.
* * * LOW HITPOINT WARNING * * *
The neqoxec gestures at you.
You feel dopey. Something feeds on your intellect! The smoke demon hits you.
You die...

########################
.#..)..#).'..#__#K45K..#
.'[.#..'..#..'^3@G3#5..#
.#####'#####'#_3#### ..+
.####..#...#(#### ##
.#__####..##.#
.#_____##'#_.+
⌠#_.∩..†'..._#
##_..__##_.#'#
#_____###+#.# #######
###


You could see 2 kobold demonologists, 2 smoke demons, a neqoxec (summoned), a
chaos spawn (summoned), a floating eye and a quasit (summoned).

Vanquished Creatures
  A slime creature (D)
  Sigmund (D)
  A yak (D)
  An ogre (D)
  A jelly (D)
  Ijyb (D)
6 creatures vanquished.

Notes
Turn   | Place    | Note
-------+----------+-------------------------------------------
     0 | D        | radhat240 the Minotaur Fighter began the quest for the Orb.
     0 | D        | Reached XP level 1. HP: 19/19 MP: 0/0
     1 | D        | Noticed Ijyb
    18 | D        | Killed Ijyb
    19 | D        | Reached skill level 5 in Fighting
    19 | D        | Reached skill level 5 in Armour
    19 | D        | Reached skill level 5 in Shields
    19 | D        | Reached XP level 2. HP: 17/29 MP: 1/1
   149 | D        | Noticed an ogre
   152 | D        | Killed an ogre
   153 | D        | Reached skill level 5 in Axes
   153 | D        | Reached XP level 3. HP: 22/38 MP: 2/2
   153 | D        | Reached XP level 4. HP: 26/45 MP: 3/3
   157 | D        | Noticed Sigmund
   166 | D        | HP: 2/45 [something (3)]
   171 | D        | Killed Sigmund
   172 | D        | Reached XP level 5. HP: 19/56 MP: 4/4
   172 | D        | Reached XP level 6. HP: 21/62 MP: 5/5
   392 | D        | Found an ornate altar of the Wu Jian Council.
   392 | D        | Found a shimmering blue altar of Sif Muna.
   399 | D        | Found a radiant altar of Vehumet.
   405 | D        | Found a burning altar of Makhleb.
   405 | D        | Found a viscous altar of Jiyva.
   405 | D        | Found a shimmering altar of Xom.
   405 | D        | Found a corrupted altar of Lugonu.
   405 | D        | Noticed a slime creature
   414 | D        | Killed a slime creature
   417 | D        | Became a worshipper of Makhleb the Destroyer
   449 | D        | Found Nagey's Armour Emporium.
   449 | D        | Found an ancient bone altar of Kikubaaqudgha.
   449 | D        | Found a hazy altar of Hepliaklqana.
   449 | D        | Found a stormy altar of Qazlal.
   449 | D        | Found a hide-covered altar of Uskayaw.
   449 | D        | Found a blossoming altar of Fedhas.
   449 | D        | Found a bloodstained altar of Trog.
   449 | D        | Found an iron altar of Okawaru.
   449 | D        | Found a basalt altar of Yredelemnul.
   449 | D        | Found a glowing golden altar of the Shining One.
   449 | D        | Found a snail-covered altar of Cheibriados.
   449 | D        | Found a sacrificial altar of Ru.
   449 | D        | Found a glowing silver altar of Zin.
   449 | D        | Found a shadowy altar of Dithmenos.
   449 | D        | Found a white marble altar of Elyvilon.
   449 | D        | Noticed a yak
   458 | D        | Killed a yak
   459 | D        | Reached skill level 10 in Fighting
   459 | D        | Reached skill level 10 in Armour
   459 | D        | Reached skill level 10 in Shields
   459 | D        | Reached XP level 7. HP: 35/72 MP: 6/6
   459 | D        | Found an opulent altar of Gozag.
   460 | D        | Found a sparkling altar of Nemelex Xobeh.
   494 | D        | Noticed a kobold demonologist
   494 | D        | Noticed a kobold demonologist
   497 | D        | Paralysed by a floating eye for 4 turns
   499 | D        | Noticed a rust devil
   499 | D        | Noticed a chaos spawn
   500 | D        | Noticed a neqoxec
   503 | D        | Paralysed by a floating eye for 2 turns
   507 | D        | Noticed a smoke demon
   511 | D        | Paralysed by a floating eye for 3 turns
   512 | D        | Noticed a smoke demon
   512 | D        | HP: 5/108 [smoke demon[a kobold demonologist] (5)]
   512 | D        | HP: 1/108 [smoke demon[a kobold demonologist] (4)]
   513 | D        | Slain by a smoke demon

Illustrated notes

Levels and vault maps discovered:
D:        dungeon_sprint_1 [red_sonja_temple_1, red_sonja_temple_small_1]

Skill      XL: |  1  2  3  4  5  6 |
---------------+-------------------+-----
Fighting       | 5 6 8 10 | 10.2
Axes           | 3 5 7 9 |  9.3
Armour         | 5 6 8 10 | 10.1
Shields        | 5 6 8 10 | 10.1

Action                   |  1- 3 |  4- 6 |  7- 9 || total
-------------------------+-------+-------+-------++-------
Melee: War axe           |    18 |    27 |     6 ||    51
       Headbutt          |     2 |     3 |     2 ||     7
  Use: Potion            |     1 |     1 |     1 ||     3
       Scroll            |       |       |     1 ||     1
Armor: Scale mail        |     6 |     4 |       ||    10
Dodge: Dodged            |     9 |     2 |     3 ||    14
Block: Kite shield       |     3 |     8 |     3 ||    14
